 Dungeon Crawl Stone Soup version 0.28.0-49-g6dfe1f597d (webtiles) character file.

Game seed: 13519125788673777320

2288 101zpm the Thaumaturge (level 9, 0/49 HPs)
             Began as a Djinni Fire Elementalist on May 15, 2022.
             Was a Follower of Hepliaklqana.
             Killed from afar by Harold (13 damage)
             ... with a harpoon shot
             ... on level 7 of the Dungeon.
             The game lasted 00:17:06 (9251 turns).

101zpm the Thaumaturge (Djinni Fire Elementalist)   Turns: 9251, Time: 00:17:06

Health: 0/49       AC:  4    Str:  7    XL:     9   Next: 66%
Gold:   216        EV: 12    Int: 20    God:    Hepliaklqana [*.....] SH:  8 Dex: 15

rFire   + + .      SeeInvis .   (no weapon)
rCold   x . .      Faith    .   h - +0 buckler
rNeg    . . .      Spirit   .   a - +0 robe
rPois   ∞          Reflect  +   f - +0 hat
rElec   .          Harm     .   c - +0 cloak
rCorr   .          Rampage  .   d - +0 pair of gloves
Will    .....                   (boots unavailable)
Stlth   ++........              q - amulet of reflection
HPRegen 0.16/turn               (no ring)
MPRegen 0.00/turn               (no ring)

@: flying
A: reduced essence, sickness immunity, fire resistance 2, cold vulnerability 1,
float, innate caster, HP casting, extra vitality 1
a: Renounce Religion, Recall Ancestor, Ancestor Identity


You were on level 7 of the Dungeon.
You worshipped Hepliaklqana.
Hepliaklqana was aware of your devotion.
You visited 2 branches of the dungeon, and saw 8 of its levels.

You collected 216 gold pieces.

Inventory:

Armour
 a - a +0 robe (worn)
 c - a +0 cloak (worn)
 d - a +0 pair of gloves (worn)
 f - a +0 hat (worn)
 h - a +0 buckler (worn)
Magical Staves
 e - a staff of air
Jewellery
 k - a ring of ice
 q - an amulet of reflection (around neck)
 x - a ring of positive energy
Wands
 u - a wand of iceblast (10)
Scrolls
 i - 6 scrolls of identify {unknown}
 j - a scroll of teleportation {unknown}
 l - 2 scrolls of vulnerability {unknown}
 m - 2 scrolls of blinking {unknown}
 n - a scroll of enchant weapon {unknown}
 o - a scroll of fear {unknown}
 s - a scroll of torment {unknown}
 v - a scroll of summoning {unknown}
Potions
 b - a potion of attraction {unknown}
 g - a potion of heal wounds {unknown}
 p - a potion of might
 r - 2 potions of ambrosia {unknown}
 t - 2 potions of degeneration {unknown}
 w - a potion of lignification {unknown}
 z - a potion of haste {unknown}


   Skills:
 + Level 2.4 Dodging
 + Level 3.2 Stealth
 + Level 0.2 Shields
 + Level 9.4 Spellcasting


You had 3 spell levels left.
You knew the following spells:

 Your Spells              Type           Power      Damage    Failure   Level
a - Foxfire               Conj/Fire      100%       2x1d9     1%          1
b - Scorch                Fire           94%        2d9       1%          2
c - Conjure Flame         Conj/Fire      47%        6-21      1%          3
d - Inner Flame           Hex/Fire       47%        N/A       1%          3
e - Flame Wave            Conj/Fire      47%        2d10      1%          4
f - Apportation           Tloc           94%        N/A       1%          1
g - Poisonous Vapours     Pois/Air       94%        N/A       1%          2
h - Call Canine Familiar  Summ           47%        N/A       1%          3
i - Iskenderun's Mystic   Conj/Tloc      47%        2d10      1%          4
Your spell library was empty.

Dungeon Overview and Level Annotations

Branches:
Dungeon (7/15)             Temple (1/1) D:4

Altars:
Ashenzari
Dithmenos
Elyvilon
Fedhas
Gozag
Hepliaklqana
Kikubaaqudgha
Qazlal
Ru
Sif Muna
Trog
Uskayaw
Vehumet
Xom
Yredelemnul
Zin

Shops:
D:5 =*?*:

Annotations:
D:6 1 runed translucent door, Crazy Yiuf
D:7 Harold


Innate Abilities, Weirdness & Mutations

Your life essence is reduced to manifest your ancestor. (-10% HP)
You are immune to sickness and miasma.
You are immune to poison.
Your flesh is very heat resistant. (rF++)
You are vulnerable to cold. (rC-)
You float through the air rather than walking.
You learn spells naturally, not from books.
Your magical power is your life essence.
You have superior vitality. (+4 MHP)


Message History

The foxfire hits Harold.
Flame seeps out of Harold.
Harold is moderately wounded.
The foxfire hits Harold but does no damage.
Harold is moderately wounded.
Harold is engulfed in blazing flames.
Flame seeps out of Harold.
Harold throws a throwing net.
The throwing net hits Ingwe.
The net passes right through Ingwe!
Ingwe hits Harold!
Flame seeps out of Harold.
Casting: Foxfire (safe; 1% risk of failure)
Press: ? - help, Q - select action, (/) - cycle Dir - look around, f - activate You conjure some foxfire!
* * * LOW HITPOINT WARNING * * *
The foxfire hits Harold.
Flame seeps out of Harold.
Harold is heavily wounded.
Harold is engulfed in blazing flames.
Flame seeps out of Harold.
Harold barely misses Ingwe.
Ingwe hits Harold but does no damage.
Casting: Foxfire (safe; 1% risk of failure)
Press: ? - help, Q - select action, (/) - cycle Dir - look around, f - activate You conjure some foxfire!
* * * LOW HITPOINT WARNING * * *
The foxfire hits Harold.
Flame seeps out of Harold.
Harold is severely wounded.
The foxfire hits Harold.
Flame seeps out of Harold.
Harold is severely wounded.
Harold is engulfed in blazing flames.
Flame seeps out of Harold.
Harold hits Ingwe with a +0 battleaxe!
Casting: Foxfire (safe; 1% risk of failure)
Press: ? - help, Q - select action, (/) - cycle Dir - look around, f - activate You conjure some foxfire!
* * * LOW HITPOINT WARNING * * *
The foxfire hits Harold.
Flame seeps out of Harold.
Harold is severely wounded.
The foxfire hits Harold.
Flame seeps out of Harold.
Harold is almost dead.
The foxfire hits Harold!
Flame seeps out of Harold.
Harold is almost dead.
Harold is engulfed in blazing flames.
Flame seeps out of Harold.
Harold fires a harpoon shot at you. The harpoon shot hits you!
You die...

......##..##
...#..#....##
...#..#.....###
......|.......#
##..#..##...##
##.#...#...#
#........##
+..vv....#
#.§§@§.#..#
#.§§§###..#
#.§§## ..#
#.○§☼ #..
#☼.v(# .##
....R@ #.###.
#. ..


You could see the friendly Ingwe the ancestor and Harold (inner flame, ally
target).

Vanquished Creatures
  2 water moccasins (D:6)
  A sky beast (D:6)
  3 ice beasts
  3 necrophages
  2 centaurs
  A kobold brigand (D:7)
  2 scorpions
  A water moccasin skeleton (D:5)
  A howler monkey (D:6)
  A bullfrog zombie (D:5)
  2 hounds (D:5)
  6 orc priests
  A jelly (D:6)
  2 bullfrog skeletons
  A centaur skeleton (D:6)
  4 iguanas
  A scorpion zombie (D:5)
  5 orc wizards
  A hound skeleton (D:5)
  6 gnolls
  A howler monkey zombie (D:6)
  A howler monkey skeleton (D:6)
  6 adders
  A shadow imp (D:5)
  2 worms (D:2)
  2 dart slugs
  32 orcs
  5 bats
  7 endoplasms
  3 giant cockroaches
  10 goblins
  4 hobgoblins (D:1)
  9 quokkas
  6 ball pythons
  5 frilled lizards
  13 kobolds
  2 rats
155 creatures vanquished.

Vanquished Creatures (collateral kills)
  A scorpion (D:6)
1 creature vanquished.

Vanquished Creatures (others)
  An ancestor (D:7)
  583 foxfires
584 creatures vanquished.

Grand Total: 740 creatures vanquished

Notes
Turn   | Place    | Note
-------+----------+-------------------------------------------
     0 | D:1      | 101zpm the Djinni Fire Elementalist began the quest for the
                  | Orb.
     0 | D:1      | Reached XP level 1. HP: 15/15 MP: 0/0
   350 | D:1      | Reached XP level 2. HP: 13/21 MP: 0/0
   782 | D:1      | Reached XP level 3. HP: 12/25 MP: 0/0
   782 | D:1      | Learned a level 1 spell: Apportation
   784 | D:1      | Reached skill level 3 in Spellcasting
  1993 | D:2      | Reached XP level 4. HP: 22/31 MP: 0/0
  3362 | D:3      | Reached XP level 5. HP: 31/35 MP: 0/0
  3362 | D:3      | Learned a level 2 spell: Poisonous Vapours
  3382 | D:3      | Reached skill level 4 in Spellcasting
  3421 | D:3      | Reached XP level 6. HP: 5/40 MP: 0/0
  4411 | D:3      | Reached skill level 5 in Spellcasting
  5066 | D:4      | Reached XP level 7. HP: 36/45 MP: 0/0
  5066 | D:4      | Learned a level 3 spell: Call Canine Familiar
  5574 | D:4      | Found a staircase to the Ecumenical Temple.
  6168 | Temple   | Entered the Ecumenical Temple
  6228 | Temple   | Became a worshipper of Hepliaklqana the Forgotten
  6278 | D:5      | Entered Level 5 of the Dungeon
  6278 | D:5      | Found Luocs's Jewellery Boutique.
  6282 | D:5      | Reached skill level 6 in Spellcasting
  6328 | D:5      | Reached XP level 8. HP: 1/50 MP: 0/0
  6804 | D:5      | Found Gydaj's Book Shop.
  6817 | D:5      | Reached skill level 7 in Spellcasting
  7198 | D:5      | Found Bisuig's Assorted Antiques.
  7214 | D:5      | Found Zomopseme's Magic Scroll Shoppe.
  7338 | D:5      | Found Iqiton's General Store.
  7426 | D:5      | You are sucked into a shaft and drop 1 floor!
  7694 | D:6      | Found a sacrificial altar of Ru.
  7747 | D:6      | Reached skill level 8 in Spellcasting
  7756 | D:6      | Reached XP level 9. HP: 30/55 MP: 0/0
  7756 | D:6      | Learned a level 4 spell: Iskenderun's Mystic Blast
  8006 | D:6      | Found a shadowy altar of Dithmenos.
  8314 | D:6      | Reached * piety under Hepliaklqana
  8451 | D:6      | Found a broken altar of Ashenzari.
  8633 | D:6      | Reached skill level 9 in Spellcasting
  8897 | D:6      | Found a runed translucent door.
  8898 | D:6      | Noticed Crazy Yiuf
  9243 | D:7      | Noticed Harold
  9251 | D:7      | Killed from afar by Harold

Illustrated notes

Levels and vault maps discovered:
D:1:      nzn_arrival_settlement, layout_rooms, minivault_5, minmay_hexomino_c4
D:2:      layout_loops_cross
D:3:      layout_basic
D:4:      cheibrodos_pilgrimage, layout_basic,
          minmay_temple_entry_statues_pillars, serial_bayou_pond_e
D:5:      layout_cave_pools, serial_shops, nicolae_shop_crystal,
          nicolae_stop_n_shop_2, shop, nicolae_stop_n_shop_2,
          nicolae_shop_hallway_plus
D:6:      layout_gridville, evilmike_ruin_ashenzari, lemuel_doored_altar,
          nicolae_dithmenos_shadow_blocks, uniq_crazy_yiuf_cottage
D:7:      layout_cave_pools, makhleb_grotto_becter, serial_glass,
          glass_columns_c, glass_columns_a, uniq_harold
Temple:   cyrus_circular_temple

Skill      XL: |  1  2  3  4  5  6  7  8  9 |
---------------+----------------------------+-----
Spellcasting   | 3 4 5 6 8 9 |  9.4
Stealth        | 2 3 |  3.2
Dodging        | |  2.4
Shields        | |  0.2

Action                   |  1- 3 |  4- 6 |  7- 9 || total
-------------------------+-------+-------+-------++-------
 Cast: Foxfire           |   101 |   129 |   126 ||   356
       Scorch            |     5 |    19 |    37 ||    61
       Inner Flame       |       |    13 |    67 ||    80
       Call Canine Famil |       |       |     4 ||     4
       Poisonous Vapours |       |       |     3 ||     3
Armor: Robe              |       |       |     2 ||     2
Dodge: Dodged            |     2 |     3 |     8 ||    13
Block: Buckler           |       |       |     7 ||     7
       Reflection        |       |       |     5 ||     5
